3444 views
Uploaded 2020-04-25 14:06:37
Game version 1.32.3
16:29 long 2on2 ladder game on (4)TurtleRock
Saved by zebroni
3444 views
Uploaded 2020-04-25 14:06:37
Game version 1.32.3
16:29 long 2on2 ladder game on (4)TurtleRock
67 units @ 9k
/ 1.6k
23 buildings @ 4k
/ 1.4k

| Healing Salve | 5 | 500 |
| Lesser Clarity Potion | 3 | 210 |
| Orb of Lightning | 1 | 375 |
| Potion of Healing | 1 | 150 |
| Scroll of Healing | 1 | 250 |
| Boots of Speed | 1 | 250 |
| Potion of Lesser Invulnerability | 2 | 300 |
| total: | 14 | 2035g |
| Peon | 9 | 675 | / | 0 |
| Troll Headhunter | 13 | 1820 | / | 260 |
| Troll Berserker | 10 | 1400 | / | 200 |
| Shaman | 4 | 520 | / | 80 |
| total: | 36 | 4415g | / | 540w |
| Altar of Storms | 1 | 180 | / | 50 |
| Orc Burrow | 5 | 800 | / | 200 |
| Voodoo Lounge | 1 | 130 | / | 30 |
| War Mill | 1 | 205 | / | 0 |
| Barracks | 1 | 180 | / | 50 |
| Spirit Lodge | 1 | 150 | / | 150 |
| Stronghold | 1 | 315 | / | 190 |
| Fortress | 2 | 650 | / | 380 |
| total: | 10 | 1645g | / | 480w |
| 0:02 | Peon |
| 0:03 | Peon |
| 0:05 | Altar of Storms |
| 0:07 | Orc Burrow |
| 0:13 | Peon |
| 0:32 | Peon |
| 0:49 | Voodoo Lounge |
| 1:03 | Peon |
| 1:14 | War Mill |
| 1:34 | Barracks |
| 1:48 | Peon |
| 1:48 | Peon |
| 2:03 | Peon |
| 2:08 | Peon |
| 2:12 | Orc Burrow |
| 2:17 | Healing Salve |
| 2:17 | Lesser Clarity Potion |
| 2:17 | Lesser Clarity Potion |
| 2:19 | Wind Walk |
| 2:36 | Troll Headhunter |
| 3:05 | Troll Headhunter |
| 3:08 | Stronghold |
| 3:24 | Troll Headhunter |
| 3:30 | Steel Ranged Weapons |
| 3:51 | Troll Headhunter |
| 4:19 | Troll Headhunter |
| 4:22 | Steel Armor |
| 4:27 | Troll Headhunter |
| 4:53 | Troll Headhunter |
| 5:11 | Boots of Speed |
| 5:23 | Critical Strike |
| 5:34 | Fortress |
| 5:49 | Orc Burrow |
| 6:23 | Troll Headhunter |
| 6:25 | Spirit Lodge |
| 6:45 | Troll Headhunter |
| 7:00 | Wind Walk |
| 7:01 | Troll Headhunter |
| 7:03 | Thorium Ranged Weapons |
| 7:06 | Healing Salve |
| 7:06 | Healing Salve |
| 7:23 | Troll Headhunter |
| 7:50 | Troll Headhunter |
| 7:51 | Shaman Adept Training |
| 7:57 | Berserker Upgrade |
| 7:57 | Troll Headhunter |
| 8:21 | Orb of Lightning |
| 8:22 | Healing Salve |
| 8:32 | Potion of Healing |
| 9:22 | Critical Strike |
| 9:53 | Troll Berserker |
| 9:54 | Shaman Master Training |
| 9:56 | Orc Burrow |
| 9:58 | Thorium Armor |
| 10:18 | Potion of Lesser Invulnerability |
| 10:21 | Troll Regeneration |
| 10:33 | Shaman |
| 10:33 | Shaman |
| 10:59 | Critical Strike |
| 11:11 | Troll Berserker |
| 11:11 | Troll Berserker |
| 11:13 | Troll Berserker |
| 12:25 | Troll Berserker |
| 12:25 | Troll Berserker |
| 12:26 | Shaman |
| 12:26 | Shaman |
| 12:54 | Troll Berserker |
| 13:17 | Troll Berserker |
| 13:29 | Witch Doctor Adept Training |
| 13:40 | Orc Burrow |
| 13:43 | Arcanite Ranged Weapons |
| 13:55 | Troll Berserker |
| 13:55 | Troll Berserker |
| 14:20 | Healing Salve |
| 14:22 | Lesser Clarity Potion |
| 14:32 | Witch Doctor Master Training |
| 14:45 | Potion of Lesser Invulnerability |
| 14:48 | Scroll of Healing |
| 16:17 | Bladestorm |


| Staff of Preservation | 2 | 300 |
| Lesser Clarity Potion | 1 | 70 |
| Potion of Healing | 1 | 150 |
| Scroll of Town Portal | 1 | 350 |
| total: | 5 | 870g |
| Wisp | 13 | 780 | / | 0 |
| Huntress | 5 | 975 | / | 100 |
| Archer | 1 | 130 | / | 10 |
| Dryad | 5 | 725 | / | 300 |
| Mountain Giant | 2 | 700 | / | 200 |
| Druid of the Claw | 5 | 1275 | / | 400 |
| total: | 31 | 4585g | / | 1010w |
| Altar of Elders | 1 | 180 | / | 50 |
| Moon Well | 6 | 1080 | / | 240 |
| Hunter's Hall | 1 | 210 | / | 100 |
| Ancient of War | 1 | 150 | / | 60 |
| Ancient of Wonders | 1 | 90 | / | 30 |
| Tree of Life | 1 | 340 | / | 185 |
| Ancient of Lore | 2 | 310 | / | 290 |
| Tree of Ages | 1 | 320 | / | 180 |
| Tree of Eternity | 1 | 330 | / | 200 |
| total: | 13 | 2360g | / | 955w |
| 0:03 | Wisp |
| 0:04 | Wisp |
| 0:08 | Altar of Elders |
| 0:20 | Moon Well |
| 0:25 | Wisp |
| 0:33 | Wisp |
| 0:42 | Wisp |
| 0:57 | Wisp |
| 1:01 | Wisp |
| 1:18 | Wisp |
| 1:34 | Wisp |
| 1:45 | Hunter's Hall |
| 1:59 | Ancient of War |
| 2:04 | Wisp |
| 2:11 | Entangling Roots |
| 2:14 | Moon Well |
| 2:17 | Wisp |
| 3:15 | Tree of Ages |
| 3:16 | Huntress |
| 3:42 | Moon Well |
| 3:52 | Huntress |
| 3:56 | Moon Well |
| 4:21 | Huntress |
| 4:52 | Huntress |
| 5:18 | Huntress |
| 5:41 | Wisp |
| 5:41 | Wisp |
| 5:45 | Ancient of Lore |
| 5:46 | Ancient of Lore |
| 5:57 | Force of Nature |
| 6:37 | Archer |
| 6:56 | Ancient of Wonders |
| 7:03 | Tree of Eternity |
| 7:05 | Abolish Magic |
| 7:33 | Trueshot Aura |
| 7:36 | Dryad |
| 7:46 | Dryad |
| 8:02 | Moon Well |
| 8:22 | Mountain Giant |
| 8:37 | Dryad |
| 9:04 | Dryad |
| 9:45 | Scout |
| 10:00 | Hardened Skin |
| 10:01 | Dryad |
| 10:24 | Trueshot Aura |
| 10:35 | Resistant Skin |
| 10:59 | Mountain Giant |
| 11:15 | Moon Well |
| 11:34 | Staff of Preservation |
| 11:35 | Lesser Clarity Potion |
| 11:36 | Potion of Healing |
| 11:41 | Force of Nature |
| 12:27 | Searing Arrows |
| 12:51 | Druid of the Claw Adept Training |
| 12:51 | Druid of the Claw |
| 13:47 | Druid of the Claw Master Training |
| 13:47 | Druid of the Claw |
| 13:54 | Tree of Life |
| 14:14 | Scroll of Town Portal |
| 14:15 | Staff of Preservation |
| 14:50 | Druid of the Claw |
| 15:45 | Druid of the Claw |
| 15:45 | Druid of the Claw |
| 15:59 | Thorns Aura |
| 16:18 | Trueshot Aura |
67 units @ 10.3k
/ 1.5k
22 buildings @ 3.6k
/ 1.3k


| Rod of Necromancy | 1 | 150 |
| Scroll of Town Portal | 2 | 700 |
| Dust of Appearance | 1 | 75 |
| total: | 4 | 925g |
| Acolyte | 3 | 225 | / | 0 |
| Ghoul | 2 | 240 | / | 0 |
| Crypt Fiend | 12 | 2580 | / | 480 |
| Abomination | 5 | 1200 | / | 350 |
| Obsidian Statue | 1 | 200 | / | 35 |
| total: | 23 | 4445g | / | 865w |
| Nerubian Tower | 1 | 100 | / | 20 |
| Crypt | 1 | 200 | / | 50 |
| Graveyard | 1 | 215 | / | 0 |
| Altar of Darkness | 1 | 180 | / | 50 |
| Ziggurat | 5 | 750 | / | 250 |
| Tomb of Relics | 1 | 130 | / | 30 |
| Slaughterhouse | 1 | 140 | / | 135 |
| Halls of the Dead | 1 | 320 | / | 210 |
| Black Citadel | 1 | 325 | / | 230 |
| total: | 10 | 1615g | / | 515w |
| 0:09 | Acolyte |
| 0:09 | Acolyte |
| 0:09 | Acolyte |
| 0:23 | Crypt |
| 0:26 | Graveyard |
| 0:37 | Altar of Darkness |
| 0:51 | Ziggurat |
| 1:06 | Tomb of Relics |
| 1:26 | Ghoul |
| 1:49 | Crypt Fiend |
| 1:56 | Ziggurat |
| 2:18 | Crypt Fiend |
| 2:46 | Ghoul |
| 2:49 | Rod of Necromancy |
| 2:53 | Death Coil |
| 3:03 | Nerubian Tower |
| 3:14 | Crypt Fiend |
| 3:28 | Ziggurat |
| 3:48 | Crypt Fiend |
| 3:55 | Unholy Aura |
| 4:44 | Crypt Fiend |
| 5:03 | Halls of the Dead |
| 5:04 | Crypt Fiend |
| 6:17 | Death Coil |
| 6:26 | Crypt Fiend |
| 6:29 | Ziggurat |
| 6:40 | Crypt Fiend |
| 7:29 | Crypt Fiend |
| 7:48 | Slaughterhouse |
| 7:50 | Black Citadel |
| 8:17 | Crypt Fiend |
| 9:10 | Frost Nova |
| 9:36 | Crypt Fiend |
| 9:36 | Crypt Fiend |
| 9:59 | Unholy Aura |
| 10:09 | Scroll of Town Portal |
| 10:21 | Abomination |
| 11:04 | Destroyer Form |
| 11:06 | Obsidian Statue |
| 11:11 | Ziggurat |
| 11:43 | Disease Cloud |
| 12:04 | Frost Armor |
| 12:30 | Abomination |
| 12:30 | Abomination |
| 13:18 | Abomination |
| 13:48 | Abomination |
| 14:19 | Scroll of Town Portal |
| 14:23 | Dust of Appearance |
| 15:54 | Frost Nova |

| Lesser Clarity Potion | 1 | 70 |
| Staff of Preservation | 1 | 150 |
| Scroll of Town Portal | 1 | 350 |
| total: | 3 | 570g |
| Wisp | 21 | 1260 | / | 0 |
| Huntress | 14 | 2730 | / | 280 |
| Archer | 6 | 780 | / | 60 |
| Mountain Giant | 3 | 1050 | / | 300 |
| total: | 44 | 5820g | / | 640w |
| Altar of Elders | 1 | 180 | / | 50 |
| Moon Well | 4 | 720 | / | 160 |
| Ancient of War | 3 | 450 | / | 180 |
| Hunter's Hall | 1 | 210 | / | 100 |
| Ancient of Wonders | 1 | 90 | / | 30 |
| Ancient of Lore | 2 | 310 | / | 290 |
| Tree of Ages | 1 | 320 | / | 180 |
| Tree of Eternity | 2 | 660 | / | 400 |
| total: | 12 | 1960g | / | 810w |
| 0:02 | Wisp |
| 0:02 | Wisp |
| 0:13 | Altar of Elders |
| 0:18 | Moon Well |
| 0:32 | Wisp |
| 0:32 | Wisp |
| 0:32 | Wisp |
| 0:43 | Wisp |
| 0:43 | Wisp |
| 0:58 | Wisp |
| 0:58 | Wisp |
| 1:34 | Wisp |
| 1:34 | Wisp |
| 1:34 | Wisp |
| 1:50 | Ancient of War |
| 1:53 | Hunter's Hall |
| 1:55 | Ancient of War |
| 2:10 | Moon Well |
| 2:21 | Entangling Roots |
| 2:26 | Ancient of War |
| 2:53 | Wisp |
| 2:56 | Wisp |
| 3:03 | Wisp |
| 3:11 | Wisp |
| 3:11 | Wisp |
| 3:41 | Huntress |
| 3:53 | Moon Well |
| 4:03 | Huntress |
| 4:05 | Wisp |
| 4:05 | Wisp |
| 4:26 | Huntress |
| 4:45 | Huntress |
| 4:45 | Huntress |
| 5:05 | Huntress |
| 5:18 | Huntress |
| 5:37 | Huntress |
| 6:02 | Force of Nature |
| 6:15 | Huntress |
| 6:15 | Huntress |
| 6:34 | Huntress |
| 6:51 | Ultravision |
| 7:13 | Tree of Ages |
| 7:26 | Strength of the Moon |
| 7:30 | Entangling Roots |
| 7:51 | Moon Well |
| 8:12 | Huntress |
| 8:43 | Huntress |
| 9:07 | Huntress |
| 9:35 | Ancient of Lore |
| 9:36 | Archer |
| 9:52 | Archer |
| 10:05 | Ancient of Wonders |
| 10:06 | Wisp |
| 10:06 | Wisp |
| 10:34 | Improved Bows |
| 10:55 | Archer |
| 11:07 | Tree of Eternity |
| 11:21 | Archer |
| 12:03 | Force of Nature |
| 12:12 | Archer |
| 12:34 | Mountain Giant |
| 13:16 | Archer |
| 13:31 | Hardened Skin |
| 13:34 | Ancient of Lore |
| 13:58 | Lesser Clarity Potion |
| 14:01 | Scroll of Town Portal |
| 14:03 | Staff of Preservation |
| 14:25 | Resistant Skin |
| 15:08 | Mountain Giant |
| 15:17 | Marksmanship |
| 15:50 | Mountain Giant |
| 15:55 | Force of Nature |
⇛